 Dungeon Crawl Stone Soup version 0.31-a0-1002-g8e65716e6e (webtiles) character file.

Game seed: 13985498512942351635

23 Dirtsage the Changeling (level 3, -2/23 HPs)
             Began as an Octopode Shapeshifter on Nov 9, 2023.
             Slain by a gnoll
             ... wielding a +0 spear
              (7 damage)
             ... on level 2 of the Dungeon.
             The game lasted 00:01:31 (600 turns).

Dirtsage the Changeling (Octopode Shapeshifter)      Turns: 600, Time: 00:01:31

Health: -2/23      AC:  1    Str: 15    XL:     3   Next: 0%
Magic:  3/3        EV: 13    Int: 12    God:
Gold:   32         SH:  0    Dex: 11    Spells: 2/2 levels left

rFire   . .          .
                       - Unarmed
rCold   . . .        (no shield)
rNeg    . . .        (helmet currently unavailable)
rPois   .            (no amulet)
rElec   .            (no ring)
rCorr   .            (no ring)
SInv    .            (no ring)
Will    .....        (no ring)
Stlth   ++           (no ring)
HPRegen 0.23/turn    (no ring)
MPRegen 0.08/turn    (no ring)
                     (no ring)

%: no passive effects
@: beast-form
A: beast (slay +1), almost no armour, amphibious, 8 rings, camouflage 1,
gelatinous body 1, (nimble swimmer 1), tentacles
a: Begin Untransformation


You were on level 2 of the Dungeon.
You were a hulking beast.
You visited 1 branch of the dungeon, and saw 2 of its levels.

You collected 32 gold pieces.

Inventory:

Missiles
 g - a throwing net
Jewellery
 e - an amulet of the acrobat
Talismans
 b - a beast talisman
 c - a flux talisman
Scrolls
 h - 2 scrolls of noise {unknown}
Potions
 a - a potion of lignification
 d - a potion of berserk rage {unknown}
 f - a potion of enlightenment {unknown}


   Skills:
 + Level 1.4 Fighting
 - Level 2.0 Dodging
 * Level 3.3 Unarmed Combat
 + Level 0.5 Ice Magic
 * Level 3.3 Shapeshifting


You had 2 spell levels left.
You didn't know any spells.
Your spell library contained the following spells:

 Spells                   Type           Power      Damage    Failure   Level
 Freeze                   Ice            4%         1d3       26%         1
 Frozen Ramparts          Ice            2%         1d1       63%         3
 Hailstorm                Conj/Ice       0%         3d3       65%         3


Dungeon Overview and Level Annotations

Branches:
Dungeon (2/15)

Altars:


Innate Abilities, Weirdness & Mutations

You are a hulking beast.
Your limbs bulge with bestial killing power. (Slay +1)
You cannot wear most types of armour.
You are amphibious.
You can wear up to eight rings at the same time.
Your skin changes colour to match your surroundings (Stealth+).
Your rubbery body absorbs attacks. (AC +1, EV +1)
((You are camouflaged when in or above water. (Stealth+)))
You have tentacles for arms and can constrict up to eight enemies at once.


Message History

The gnoll is severely wounded.
You constrict the gnoll, but do no damage.
The gnoll barely misses you.
The gnoll hits you with a +1 spear of venom.
You take 5 damage, and have 6/18 hp.
MASSIVE DAMAGE!!
You tentacle-slap the gnoll.
You squeeze the gnoll, but do no damage.
The gnoll is almost dead.
You constrict the gnoll, but do no damage.
The gnoll misses you. The gnoll closely misses you.
You tentacle-slap the gnoll.
You kill the gnoll!
The gnoll hits you from afar with a +0 spear.
* * * LOW HITPOINT WARNING * * *
You have reached level 3!
Your experience leads to an increase in your attributes!
Increase (s)trength, (i)ntelligence, or (d)exterity?
You feel stronger. x2
You take 4 damage, and have 2/23 hp.
MP restored: 3
Okay, then.
The gnoll closely misses you.
You climb upwards.
There is a stone staircase leading down here.
You start resting.
HP restored.
Health restored: 23 You climb downwards.
The gnoll hits you from afar with a +0 spear.
The gnoll closely misses you. The gnoll hits you with a +0 spear!
The gnoll misses you.
There is a stone staircase leading up, spattered with blood here.
You take 12 damage, and have 11/23 hp.
MASSIVE DAMAGE!!
You tentacle-slap the gnoll. You grab the gnoll.
The gnoll is moderately wounded.
You constrict the gnoll, but do no damage.
The gnoll hits you from afar with a +0 spear.
* * * LOW HITPOINT WARNING * * *
The gnoll hits you with a +0 spear!
You die...

#.#
#.#
#.#
#.#
#.#
#g#
#g#
#h#
###


You could see 2 gnolls.

Vanquished Creatures
  A gnoll (D:2)
  2 endoplasms (D:1)
  A giant cockroach (D:1)
  2 goblins (D:1)
  A hobgoblin (D:1)
  3 quokkas (D:1)
  2 ball pythons (D:1)
  A kobold (D:1)
13 creatures vanquished.

Notes
Turn   | Place    | Note
-------+----------+-------------------------------------------
     0 | D:1      | Dirtsage the Octopode Shapeshifter began the quest for the
                  | Orb.
     0 | D:1      | Reached XP level 1. HP: 13/13 MP: 1/1
   178 | D:1      | Reached XP level 2. HP: 18/18 MP: 2/2
   510 | D:2      | Reached XP level 3. HP: 2/23 MP: 3/3
   600 | D:2      | Slain by a gnoll

Illustrated notes

Levels and vault maps discovered:
D:1:      lordsloth_arrival_two_stooges, layout_basic
D:2:      layout_basic

Action                     || total
---------------------------++-------
  Melee: Unarmed           ||    30
         Constrict         ||     7
         Tentacles         ||     7
   Stab: Sleeping          ||     1
 Armour: Skin              ||    15
  Dodge: Dodged            ||    18

Table legend: (Time is in decaauts)
 A = Elapsed time spent in this place.
 B = Non-inter-level travel time spent in this place.
 C = Inter-level travel time spent in this place.
 D = Time resting spent in this place.
 E = Time spent auto-exploring this place.
 F = Levels seen in this place.
 G = Mean time per level.
                   A        B        C        D        E       F      G
               +--------+--------+--------+--------+--------+-----+--------+
         Total |    599 |    571 |     28 |     86 |    405 |   2 |  299.5 |
       Dungeon |    599 |    571 |     28 |     86 |    405 |   2 |  299.5 |
               +--------+--------+--------+--------+--------+-----+--------+

Top non-repeatable levels by time:
     D:1: 591 daAuts
     D:2: 7 daAuts
